AoeStats
← Eenoon

Nomad

509426148Analyzed
4v4 RM · 6d ago on Sep 26, 2026· 42m 15s· 8 players
Game mode
Random Map
Map size
231×231
Population
200
Speed
Normal
Resources
Standard
Victory
Conquest
Starting age
Dark Age
Ending age
Imperial Age
RankedLock teamsTeams togetherTeam positionsShared explorationLock speedFull tech treeHidden civsTurbo modeCheats
Victory
Defeat
🇫🇷 Japanese · France
1091
+15
🇪🇪 Berbers · Estonia
1066
+16
🇲🇽 Franks · Mexico
1062
+16
🇹🇷 Teutons · Türkiye
1056
+16
🇨🇭 Dravidians · Switzerland
1184
-20
🇺🇸 Magyars · United States
1102
-17
🇨🇭 Britons · Switzerland
1062
-16
🇩🇪 Lithuanians · Germany
918
-10
Alanccino
7:06 Loom
12:48 Feudal Age
13:32 Double-Bit Axe
19:59 Castle Age
18:15 Stone Mining
23:33 Forging
25:05 Town Watch
32:50 Imperial Age
31:40 Gold Mining
31:40 Ordonnance Companies
32:40 Scale Mail Armor
34:23 Iron Casting
39:00 Chain Mail Armor
41:00 Gold Shaft Mining
41:42 Blast Furnace
42:11 Plate Mail Armor
maxokol
5:14 Loom
13:36 Feudal Age
14:15 Town Watch
15:46 Bloodlines
16:47 Scale Barding Armor
17:22 Forging
18:09 Horse Collar
22:38 Castle Age
21:03 Double-Bit Axe
23:46 Chain Barding Armor
24:16 Iron Casting
28:37 Husbandry
36:32 Town Patrol
38:10 Heavy Plow
38:21 Bow Saw
39:27 Wheelbarrow
42:24 Imperial Age
Eenoon
3:22 Loom
15:52 Feudal Age
16:37 Double-Bit Axe
17:34 Wheelbarrow
16:53 Town Watch
17:05 Gold Mining
17:26 Fishing Lines
23:36 Castle Age
21:43 Stone Mining
23:50 Forging
23:31 Fletching
23:42 Scale Mail Armor
23:42 Padded Archer Armor
24:35 Medium Warships
25:35 Gold Shaft Mining
29:46 Imperial Age
29:11 Arson
29:27 Squires
33:17 Bow Saw
33:16 Gillnets
34:11 Conscription
36:38 Iron Casting
36:43 Yasama
36:44 Bodkin Arrow
42:38 Kataparuto
Kebabs&Roses
4:49 Loom
14:44 Feudal Age
18:59 Castle Age
18:35 Fletching
19:34 Stone Mining
20:53 Bodkin Arrow
21:43 Double-Bit Axe
22:02 Horse Collar
23:46 Bow Saw
24:09 Gold Mining
28:39 Guard Tower
29:09 Ballistics
29:36 Wheelbarrow
31:51 Squires
33:06 Hand Cart
37:59 Imperial Age
39:07 Stone Shaft Mining
39:12 Conscription
38:44 Elite Genitour
39:27 Padded Archer Armor
40:33 Chemistry
39:24 Town Watch
40:54 Heavy Plow
41:57 Two-Man Saw
41:58 Leather Archer Armor
41:55 Bloodlines
42:38 Crenellations
ShadedKnight
16:09 Feudal Age
16:27 Loom
16:46 Double-Bit Axe
17:59 Wheelbarrow
18:01 Fishing Lines
19:54 Horse Collar
20:17 Gold Mining
22:31 Castle Age
21:01 Fletching
21:21 Scale Barding Armor
21:18 Town Watch
22:18 Stone Mining
22:56 Light Cavalry
25:26 Bloodlines
25:18 Husbandry
25:11 Fletching
25:21 Padded Archer Armor
26:07 Bodkin Arrow
26:16 Padded Archer Armor
26:41 Hand Cart
26:49 Hand Cart
30:50 Thumb Ring
31:33 Ballistics
34:26 Gold Shaft Mining
36:31 Bow Saw
40:44 Imperial Age
41:58 Heavy Cavalry Archer
frickman
7:06 Loom
7:33 Loom
14:34 Feudal Age
16:55 Double-Bit Axe
16:55 Fishing Lines
16:49 Man-at-Arms
18:33 Wheelbarrow
18:35 Fletching
21:44 Castle Age
20:59 Padded Archer Armor
22:50 Hand Cart
22:09 Crossbowman
26:54 Gillnets
27:23 Medium Warships
27:57 Bow Saw
34:28 Horse Collar
35:35 Bodkin Arrow
38:02 Leather Archer Armor
38:22 Thumb Ring
39:14 Forging
39:09 Scale Barding Armor
39:27 Ballistics
42:56 Imperial Age
41:07 Masonry
41:05 Gold Mining
pipermirage
3:27 Loom
16:51 Feudal Age
18:26 Double-Bit Axe
22:36 Castle Age
23:16 Pikeman
26:50 Stone Mining
29:01 Fletching
29:19 Scale Barding Armor
29:24 Forging
31:34 Elite Skirmisher
37:45 Wheelbarrow
40:45 Wheelbarrow
eieieili
5:32 Loom
13:58 Feudal Age
16:20 Fletching
16:31 Padded Archer Armor
23:00 Castle Age
24:12 Forging
24:03 Scale Mail Armor
26:09 Bodkin Arrow
27:54 Leather Archer Armor
27:50 Crossbowman
37:09 Double-Bit Axe
40:38 Bow Saw
Connection lost

Rejoining the realm…

Still unreachable

The connection could not be restored.

Session expired

The server has moved on; the page needs a fresh start.